PUBRL
HALIFAX EXPLOSIONS @ NEW ORLEANS COUGARS
08/23/1972
 
TOP OF THE 1ST
Halifax Explosions batting - Pitching for New Orleans Cougars : LHP Steven Bennett
Pitching: LHP Steven Bennett
Batting: SHB Larry Lintz 0-0: Ball
1-0: Bunt for hit to 13S - play at first, batter OUT! 1-3
Batting: RHB Nelson García 0-0: Called Strike
0-1: Called Strike
0-2: Ground out 6-3 (Groundball, 6, EV 84.4 MPH)
Batting: RHB Gunasraja Lalitesh 0-0: Ball
1-0: Called Strike
1-1: Ball
2-1: Ground out 4-3 (Groundball, 4, EV 82.5 MPH)
Top of the 1st over - 0 runs, 0 hits, 0 errors, 0 left on base; Halifax 0 - New Orleans 0
BOTTOM OF THE 1ST
New Orleans Cougars batting - Pitching for Halifax Explosions : LHP Henry Howard
Pitching: LHP Henry Howard
Batting: RHB Nick Burton 0-0: Ball
1-0: DOUBLE (Groundball, 5L, EV 103.1 MPH)
Batting: RHB Jim Tyler 0-0: Called Strike
0-1: Ball
1-1: Ball
2-1: Ball
3-1: Base on Balls
Batting: RHB Roberto Rodríguez 0-0: Foul Ball, location: 2F
0-1: Ball
1-1: Ball
2-1: Foul Ball, location: 3DF
2-2: DOUBLE (Flyball, 9LD, EV 96.9 MPH)
Nick Burton scores
Jim Tyler to third
Batting: RHB Carlos Ledesma 0-0: Ball
Wild Pitch!
Jim Tyler scores
Roberto Rodríguez to third
1-0: SINGLE (Groundball, 3D, EV 100.6 MPH)
Roberto Rodríguez scores
Batting: SHB Jerry Hairston 0-0: Ball
1-0: SINGLE (Groundball, 6MD, EV 110.6 MPH)
Carlos Ledesma to second
Batting: RHB Frank White 0-0: Called Strike
0-1: Ball
1-1: Foul Ball, location: 3F
1-2: Fly out, F8 (Line Drive, 8LM, EV 86.3 MPH)
Batting: LHB Bill Fahey 0-0: Ball
1-0: Called Strike
1-1: Fielders Choice at 2nd, 4-6 (Groundball, 4, EV 88.8 MPH)
Carlos Ledesma to third
Batting: LHB George Brett 0-0: Fly out, F6 (Popup, 6M, EV 59.4 MPH)
Bottom of the 1st over - 3 runs, 4 hits, 0 errors, 2 left on base; Halifax 0 - New Orleans 3
TOP OF THE 2ND
Halifax Explosions batting - Pitching for New Orleans Cougars : LHP Steven Bennett
Batting: RHB Larvell Blanks 0-0: Ground out 6-3 (Groundball, 6, EV 101.9 MPH)
Batting: RHB Brian Downing 0-0: Foul Ball, location: 3F
0-1: Ball
1-1: Called Strike
1-2: Ball
2-2: Foul Ball, location: 2F
2-2: Strikes out looking
Batting: LHB Doug Miller 0-0: Fly out, F7 (Flyball, 7, EV 90.0 MPH)
Top of the 2nd over - 0 runs, 0 hits, 0 errors, 0 left on base; Halifax 0 - New Orleans 3
BOTTOM OF THE 2ND
New Orleans Cougars batting - Pitching for Halifax Explosions : LHP Henry Howard
Batting: RHB Luis Serna 0-0: Ball
1-0: Foul Ball, location: 5FF
1-1: Fly out, F7 (Flyball, 7, EV 85.0 MPH)
Batting: RHB Nick Burton 0-0: Ball
1-0: Fly out, F9 (Flyball, 89D, EV 103.1 MPH)
Batting: RHB Jim Tyler 0-0: Ball
1-0: Ball
2-0: Called Strike
2-1: Ground out 4-3 (Groundball, 4, EV 88.1 MPH)
Bottom of the 2nd over - 0 runs, 0 hits, 0 errors, 0 left on base; Halifax 0 - New Orleans 3
TOP OF THE 3RD
Halifax Explosions batting - Pitching for New Orleans Cougars : LHP Steven Bennett
Batting: SHB Dan Camp 0-0: Ball
1-0: Ball
2-0: Called Strike
2-1: Ball
3-1: Called Strike
3-2: Ground out 4-3 (Groundball, 4, EV 103.1 MPH)
Batting: RHB Barry Foote 0-0: Ball
1-0: Ground out 6-3 (Groundball, 6, EV 100.0 MPH)
Batting: RHB Edolf de Vlaming 0-0: Called Strike
0-1: Ball
1-1: Swinging Strike
1-2: Ball
2-2: Ball
3-2: Strikes out swinging
Top of the 3rd over - 0 runs, 0 hits, 0 errors, 0 left on base; Halifax 0 - New Orleans 3
BOTTOM OF THE 3RD
New Orleans Cougars batting - Pitching for Halifax Explosions : LHP Henry Howard
Batting: RHB Roberto Rodríguez 0-0: Called Strike
0-1: SINGLE (Flyball, 7S, EV 94.4 MPH)
Batting: RHB Carlos Ledesma 0-0: Foul Ball, location: 5F
0-1: Fly out, F8 (Flyball, 78D, EV 108.1 MPH)
Batting: SHB Jerry Hairston 0-0: Called Strike
0-1: Ball
1-1: Fly out, F5 (Popup, 25F, EV 83.1 MPH)
Batting: RHB Frank White 0-0: Foul Ball, location: 3FF
0-1: Ball
Wild Pitch!
Roberto Rodríguez to second
1-1: Called Strike
1-2: Ground out U3 (Groundball, 3, EV 88.1 MPH)
Bottom of the 3rd over - 0 runs, 1 hit, 0 errors, 1 left on base; Halifax 0 - New Orleans 3
TOP OF THE 4TH
Halifax Explosions batting - Pitching for New Orleans Cougars : LHP Steven Bennett
Batting: SHB Larry Lintz 0-0: Ball
1-0: Ground out U3 (Groundball, 34, EV 107.5 MPH)
Batting: RHB Nelson García 0-0: Called Strike
0-1: Ground out 4-3 (Groundball, 4, EV 100.6 MPH)
Batting: RHB Gunasraja Lalitesh 0-0: Ball
1-0: Ball
2-0: Called Strike
2-1: Called Strike
2-2: Foul Ball, location: 5F
2-2: Foul Ball, location: 23F
2-2: Strikes out swinging
Top of the 4th over - 0 runs, 0 hits, 0 errors, 0 left on base; Halifax 0 - New Orleans 3
BOTTOM OF THE 4TH
New Orleans Cougars batting - Pitching for Halifax Explosions : LHP Henry Howard
Batting: LHB Bill Fahey 0-0: Swinging Strike
0-1: Called Strike
0-2: Ball
1-2: Foul Ball, location: 5SF
1-2: Ball
2-2: Foul Ball, location: 2F
2-2: Foul Ball, location: 7LSF
2-2: Ball
3-2: Base on Balls
Batting: LHB George Brett 0-0: Sac Bunt to 13S - play at first, batter OUT! 1-3
Bill Fahey to second
Batting: RHB Luis Serna 0-0: Ball
1-0: Ball
2-0: Ball
3-0: Called Strike
3-1: Base on Balls
Batting: RHB Nick Burton 0-0: Called Strike
0-1: 3-RUN HOME RUN (Flyball, 89XD, EV 106.9 MPH), Distance : 411 ft
Pitching: LHP Carson Burns
Batting: RHB Jim Tyler 0-0: Called Strike
0-1: Foul Ball, location: 25FF
0-2: Foul Ball, location: 2F
0-2: Foul Ball, location: 25F
0-2: Ball
1-2: Foul Ball, location: 2F
1-2: Foul Ball, location: 9LDF
1-2: Strikes out swinging
Batting: RHB Roberto Rodríguez 0-0: Swinging Strike
0-1: Called Strike
0-2: SOLO HOME RUN (Flyball, 8LXD, EV 113.8 MPH), Distance : 461 ft
Batting: RHB Carlos Ledesma 0-0: Foul Ball, location: 5SF
0-1: Ball
1-1: Ball
2-1: Fly out, F7 (Flyball, 7LSF, EV 91.3 MPH)
Bottom of the 4th over - 4 runs, 2 hits, 0 errors, 0 left on base; Halifax 0 - New Orleans 7
TOP OF THE 5TH
Halifax Explosions batting - Pitching for New Orleans Cougars : LHP Steven Bennett
Batting: RHB Larvell Blanks 0-0: Called Strike
0-1: Ball
1-1: Ball
2-1: Fly out, F7 (Flyball, 78D, EV 98.8 MPH)
Batting: RHB Brian Downing 0-0: Called Strike
0-1: Ball
1-1: Called Strike
1-2: Fly out, F9 (Flyball, 9D, EV 101.9 MPH)
Batting: LHB Doug Miller 0-0: Ball
1-0: Called Strike
1-1: Foul Ball, location: 2F
1-2: Strikes out swinging
Top of the 5th over - 0 runs, 0 hits, 0 errors, 0 left on base; Halifax 0 - New Orleans 7
BOTTOM OF THE 5TH
New Orleans Cougars batting - Pitching for Halifax Explosions : LHP Carson Burns
Batting: SHB Jerry Hairston 0-0: Foul Ball, location: 9LMF
0-1: Hit by Pitch
Batting: RHB Frank White 0-0: Ball
1-0: Ball
2-0: Ball
3-0: Called Strike
3-1: Swinging Strike
3-2: Foul Ball, location: 9LSF
3-2: Fly out, F7 (Flyball, 7LM, EV 82.5 MPH)
Batting: LHB Bill Fahey 0-0: Called Strike
0-1: Ball
1-1: Swinging Strike
1-2: Ball
2-2: Grounds into double play, 4-6-3 (Groundball, 4, EV 84.4 MPH)
Bottom of the 5th over - 0 runs, 0 hits, 0 errors, 0 left on base; Halifax 0 - New Orleans 7
TOP OF THE 6TH
Halifax Explosions batting - Pitching for New Orleans Cougars : LHP Steven Bennett
Batting: SHB Dan Camp 0-0: Called Strike
0-1: Ball
1-1: Foul Ball, location: 2F
1-2: Ball
2-2: Strikes out swinging
Batting: RHB Barry Foote 0-0: Ball
1-0: Swinging Strike
1-1: Foul Ball, location: 3SF
1-2: Strikes out swinging
Batting: RHB Edolf de Vlaming 0-0: Fly out, F8 (Flyball, 78M, EV 93.1 MPH)
Top of the 6th over - 0 runs, 0 hits, 0 errors, 0 left on base; Halifax 0 - New Orleans 7
BOTTOM OF THE 6TH
New Orleans Cougars batting - Pitching for Halifax Explosions : LHP Carson Burns
Batting: LHB George Brett 0-0: Ground out 6-3 (Groundball, 6M, EV 82.5 MPH)
Batting: RHB Luis Serna 0-0: Ground out 6-3 (Groundball, 6, EV 88.1 MPH)
Batting: RHB Nick Burton 0-0: Fly out, F8 (Line Drive, 8LD, EV 85.6 MPH)
Bottom of the 6th over - 0 runs, 0 hits, 0 errors, 0 left on base; Halifax 0 - New Orleans 7
TOP OF THE 7TH
Halifax Explosions batting - Pitching for New Orleans Cougars : LHP Steven Bennett
Batting: SHB Larry Lintz 0-0: Ball
1-0: Ball
2-0: Fly out, F8 (Flyball, 78M, EV 93.8 MPH)
Batting: RHB Nelson García 0-0: Foul Ball, location: 2RF
0-1: Ball
1-1: Ball
2-1: Foul Ball, location: 9LDF
2-2: Strikes out swinging
Batting: RHB Gunasraja Lalitesh 0-0: Swinging Strike
0-1: Fly out, F3 (Line Drive, 3L, EV 66.9 MPH)
Top of the 7th over - 0 runs, 0 hits, 0 errors, 0 left on base; Halifax 0 - New Orleans 7
BOTTOM OF THE 7TH
New Orleans Cougars batting - Pitching for Halifax Explosions : LHP Carson Burns
Pinch Hitting: RHB Jesús Matos 0-0: Swinging Strike
0-1: Ball
1-1: Called Strike
1-2: Ball
2-2: SINGLE (Line Drive, 6D, EV 105.0 MPH)
Pinch Hitting: RHB José Longoria 0-0: Ball
1-0: 2-RUN HOME RUN (Flyball, 78XD, EV 104.4 MPH), Distance : 432 ft
Pinch Hitting: RHB Franklin Taylor 0-0: Called Strike
0-1: Ball
1-1: Foul Ball, location: 2F
1-2: Ball
2-2: Foul Ball, location: 2RF
2-2: Ball
3-2: Foul Ball, location: 2LF
3-2: Ground out 5-3 (Groundball, 5, EV 86.9 MPH)
Batting: SHB Jerry Hairston 0-0: Called Strike
0-1: Swinging Strike
0-2: Strikes out swinging
Batting: RHB Frank White 0-0: Ground out 6-3 (Groundball, 6, EV 87.5 MPH)
Bottom of the 7th over - 2 runs, 2 hits, 0 errors, 0 left on base; Halifax 0 - New Orleans 9
TOP OF THE 8TH
Halifax Explosions batting - Pitching for New Orleans Cougars : LHP Steven Bennett
Now at 1B: José Longoria
Now at SS: Pat Clark
Now in LF: Jesús Matos
Batting: RHB Larvell Blanks 0-0: Called Strike
0-1: Ball
1-1: Ground out 6-3 (Groundball, 6, EV 105.6 MPH)
Pinch Hitting: LHB Spencer Yeandle 0-0: Ball
1-0: Foul Ball, location: 23F
1-1: Ball
2-1: Fly out, F4 (Popup, 34S, EV 68.8 MPH)
Batting: LHB Doug Miller 0-0: Ball
1-0: Called Strike
1-1: Ground out 4-3 (Groundball, 4, EV 78.8 MPH)
Top of the 8th over - 0 runs, 0 hits, 0 errors, 0 left on base; Halifax 0 - New Orleans 9
BOTTOM OF THE 8TH
New Orleans Cougars batting - Pitching for Halifax Explosions : LHP Carson Burns
Now in LF: Spencer Yeandle
Batting: LHB Bill Fahey 0-0: SOLO HOME RUN (Flyball, 89XD, EV 104.4 MPH), Distance : 422 ft
Batting: LHB George Brett 0-0: Foul Ball, location: 2RF
0-1: Ball
1-1: Fly out, F2 (Popup, 2R, EV 97.5 MPH)
Batting: RHB Luis Serna 0-0: Called Strike
0-1: Ball
1-1: Foul Ball, location: 2F
1-2: Strikes out swinging
Pinch Hitting: RHB Melis van Klaveren 0-0: Called Strike
0-1: SOLO HOME RUN (Line Drive, 78XD, EV 113.1 MPH), Distance : 429 ft
Batting: RHB Jesús Matos 0-0: Ball
1-0: Called Strike
1-1: Called Strike
1-2: Foul Ball, location: 2F
1-2: Ball
2-2: Foul Ball, location: 3F
2-2: Foul Ball, location: 7LSF
2-2: Strikes out swinging
Bottom of the 8th over - 2 runs, 2 hits, 0 errors, 0 left on base; Halifax 0 - New Orleans 11
TOP OF THE 9TH
Halifax Explosions batting - Pitching for New Orleans Cougars : LHP Steven Bennett
Now in RF: Melis van Klaveren
Batting: SHB Dan Camp 0-0: Called Strike
0-1: Ball
1-1: Foul Ball, location: 5F
1-2: Strikes out looking
Batting: RHB Barry Foote 0-0: Called Strike
0-1: Foul Ball, location: 2F
0-2: Foul Ball, location: 5FF
0-2: Strikes out swinging
Pinch Hitting: SHB Vicente Vélez 0-0: Foul Ball, location: 2F
0-1: Ground out 6-3 (Groundball, 6, EV 87.5 MPH)
Top of the 9th over - 0 runs, 0 hits, 0 errors, 0 left on base; Halifax 0 - New Orleans 11
Friday, April 26th , 2024 - OOTP Baseball 24.8 Build 75